 Dungeon Crawl Stone Soup version 0.23-a0-844-gdc03e01 (webtiles) character file.

9199 ohad the Severer (level 11, -5/80 HPs)
             Began as a Hill Orc Gladiator on Jan 26, 2019.
             Was an Elder of Makhleb.
             Slain by a komodo dragon (18 damage)
             ... on level 10 of the Dungeon.
             The game lasted 00:28:32 (8905 turns).

ohad the Severer (Hill Orc Gladiator)               Turns: 8905, Time: 00:28:34

Health: -5/80      AC: 17    Str: 20    XL:     11   Next: 42%
Magic:  14/14      EV: 12    Int:  8    God:    Makhleb [****..]
Gold:   745        SH:  0    Dex: 15    Spells: 10/10 levels left

rFire    . . .     SeeInvis .   a - +1 war axe
rCold    . . .     Gourm    .   (no shield)
rNeg     . . .     Faith    .   S - +0 plate armour
rPois    .         Spirit   .   c - +0 helmet
rElec    .         Reflect  .   M - +0 cloak
rCorr    .         Harm     .   (no gloves)
MR       .....                  (no boots)
Stlth    ..........             u - amulet of regeneration
HPRegen  0.63/turn              j - +3 ring of evasion
MPRegen  0.14/turn              v - +2 ring of strength

@: no status effects
A: no striking features
a: Minor Destruction, Lesser Servant of Makhleb, Major Destruction, Renounce
Religion


You were on level 10 of the Dungeon.
You worshipped Makhleb.
Makhleb was greatly pleased with you.
You were hungry.

You visited 1 branch of the dungeon, and saw 10 of its levels.
You also visited: Sewer.

You collected 745 gold pieces.

Inventory:

Hand Weapons
 a - a +1 war axe (weapon)
 d - a cursed +4 dire flail
 i - a +0 hand axe of pain
 r - a +2 dagger of venom
 A - a +4 dagger of freezing
 B - a +1 quarterstaff of draining
 C - a +0 blowgun
 N - a +0 mace of protection
 O - a +4 morningstar
 P - a +5 hand axe
 U - a +2 flail of crushing
Missiles
 D - 7 curare-tipped needles
 R - 4 tomahawks (quivered)
Armour
 b - a +0 shield
 c - a +0 helmet (worn)
 m - a +0 chain mail
 J - a cursed +0 scale mail
 M - a +0 cloak (worn)
 S - a +0 plate armour (worn)
 T - a +0 large shield
Jewellery
 h - an uncursed amulet of magic regeneration
 j - a +3 ring of evasion (left hand)
 n - an uncursed ring of resist corrosion
 u - an amulet of regeneration (around neck)
 v - a +2 ring of strength (right hand)
 x - a +3 ring of intelligence
 y - an uncursed ring of protection from cold
 K - an uncursed amulet of guardian spirit
 W - a +4 amulet of reflection {unknown}
Wands
 e - a wand of clouds (3)
Scrolls
 g - 5 scrolls of teleportation
 k - 2 scrolls of enchant armour {unknown}
 q - a scroll of noise {unknown}
 s - 2 scrolls of amnesia
 t - 2 scrolls of remove curse {unknown}
 w - 3 scrolls of fog {unknown}
 L - 3 scrolls of blinking {unknown}
 Q - a scroll of summoning {unknown}
 Y - a scroll of fear {unknown}
Potions
 l - 8 potions of curing
 o - 2 potions of lignification
 p - 5 potions of mutation
 z - 2 potions of brilliance
 E - 2 potions of might
 F - 6 potions of flight
 G - 2 potions of heal wounds {unknown}
 H - a potion of cancellation {unknown}
 V - 2 potions of berserk rage
 X - a potion of magic {unknown}
Comestibles
 f - 19 rations


   Skills:
 - Level 2.4 Fighting
 - Level 16.4 Axes
 - Level 1.7 Throwing
 - Level 9.4 Armour
 + Level 6.2 Dodging
 - Level 4.7 Invocations


You had 10 spell levels left.
You didn't know any spells.
Your spell library contained the following spells:

 Spells                   Type           Power        Failure   Level  Hunger
 Animate Skeleton         Necr           N/A          100%        1    ##.....
 Apportation              Tloc           #.....       100%        1    ##.....
 Confusing Touch          Hex            #.....       100%        1    ##.....
 Corona                   Hex            #......      100%        1    ##.....
 Infusion                 Chrm           #...         100%        1    ##.....
 Sandblast                Erth           #.....       100%        1    ##.....
 Summon Butterflies       Summ           #.......     100%        1    ##.....
 Summon Small Mammal      Summ           #...         100%        1    ##.....
 Ensorcelled Hibernation  Hex/Ice        #.....       100%        2    ###....
 Passwall                 Tmut/Erth      #.......     100%        2    ###....
 Confuse                  Hex            #.......     100%        3    ####...
 Dazzling Spray           Conj/Hex       #.....       100%        3    ####...
 Stone Arrow              Conj/Erth      #.....       100%        3    ####...
 Tukima's Dance           Hex            #.......     100%        3    ####...
 Petrify                  Tmut/Erth      #.......     100%        4    #####..
 Summon Ice Beast         Ice/Summ       #.......     100%        4    #####..
 Summon Lightning Spire   Summ/Air       #.......     100%        4    #####..
 Lee's Rapid Deconstruct  Erth           #.........   100%        5    ######.
 Spellforged Servitor     Conj/Summ      #.........   100%        7    #######


Dungeon Overview and Level Annotations

Branches:
Dungeon (10/15)            Temple (0/1) D:5            Lair (0/6) D:10
    Orc (0/2) D:9

Altars:
Ashenzari
Cheibriados
Fedhas
Gozag
Hepliaklqana
Makhleb
Uskayaw
Yredelemnul
The Shining One


Message History

Makhleb accepts your kill. The komodo dragon bites you!
You closely miss the komodo dragon.
The komodo dragon is lightly wounded.
You slash the komodo dragon!
The komodo dragon is moderately wounded.
The komodo dragon bites you!
You slash the komodo dragon!
The komodo dragon is heavily wounded.
The komodo dragon bites you!
You barely miss the komodo dragon.
The komodo dragon is heavily wounded.
You slash the komodo dragon!
The komodo dragon is severely wounded.
The komodo dragon bites you!!
* * * LOW HITPOINT WARNING * * *
You hit the komodo dragon.
The komodo dragon is severely wounded.
The komodo dragon bites you!!
You die...

##....#
#...#######.#
##)##.#
#..#.# .#
##.##.#
#..##.# .
##....#
#..##..# #
#..#### ...#
#.## #.## ###
##.# ..# #..#
..# #.## ###
#@# #
#....l†......
#
#............
#............
#............
#............
#....(.......
###########..


You could see a komodo dragon.

Vanquished Creatures
  An unseen horror (D:10)
  2 trolls
  Grinder (Sewer)
  5 hippogriffs
  A human (D:7)
  6 yaks (D:9)
  4 hogs (D:7)
  2 hungry ghosts
  Eustachio (D:5)
  Menkaure (D:7)
  2 sky beasts (D:7)
  4 ice beasts
  5 orc warriors
  A necrophage (D:7)
  2 ogres
  4 centaurs
  A big kobold (Sewer)
  A gnoll sergeant (D:6)
  Blork the orc (D:5)
  4 bullfrogs
  A wyvern zombie (D:7)
  4 scorpions
  3 killer bees (D:9)
  15 wights
  5 crimson imps
  2 bullfrog zombies
  2 quasits (Sewer)
  2 centaur skeletons
  3 hounds
  A jelly (D:7)
  9 orc wizards
  3 orc priests
  2 gnoll shamans (D:6)
  A bullfrog skeleton (D:10)
  An iguana (D:4)
  5 worker ants
  3 big kobold zombies (Sewer)
  A hound zombie (D:5)
  A howler monkey zombie (D:7)
  A worker ant zombie (D:5)
  39 gnolls
  12 adders
  2 river rats (D:4)
  2 shadow imps (Sewer)
  3 oozes
  4 ufetubi (Sewer)
  An adder zombie (Sewer)
  A worm (D:3)
  A dart slug (D:1)
  2 leopard geckos
  43 orcs
  6 giant cockroaches
  5 goblins
  7 hobgoblins
  25 jackals
  23 kobolds
  2 quokkas
  7 bats
  6 frilled lizards
  2 gnoll zombies (D:4)
  A kobold zombie (Sewer)
  2 leopard gecko zombies
  A quokka skeleton (D:4)
  9 rats
  A plant (D:6)
321 creatures vanquished.

Vanquished Creatures (collateral kills)
  A hungry ghost (D:10)
  An ogre (D:10)
2 creatures vanquished.

Vanquished Creatures (others)
  An orc wizard (D:9)
  An ooze (Sewer)
  An adder zombie (Sewer)
3 creatures vanquished.

Grand Total: 326 creatures vanquished

Notes
Turn   | Place    | Note
-------+----------+-------------------------------------------
     0 | D:1      | ohad the Hill Orc Gladiator began the quest for the Orb.
     0 | D:1      | Reached XP level 1. HP: 18/18 MP: 1/1
   123 | D:1      | Reached XP level 2. HP: 11/25 MP: 2/2
   424 | D:1      | Reached skill level 5 in Axes
   765 | D:2      | Reached XP level 3. HP: 30/30 MP: 3/3
   864 | D:2      | Reached skill level 1 in Armour
  1392 | D:3      | Reached XP level 4. HP: 29/37 MP: 4/4
  1511 | D:3      | Found a blossoming altar of Fedhas.
  1721 | D:3      | Found a faded altar of an unknown god.
  1787 | D:3      | Reached skill level 6 in Axes
  2149 | D:4      | Noticed a centaur
  2160 | D:4      | Killed a centaur
  2160 | D:4      | Reached skill level 7 in Axes
  2160 | D:4      | Reached XP level 5. HP: 8/42 MP: 5/5
  2238 | D:4      | Reached XP level 6. HP: 46/50 MP: 6/6
  2240 | D:4      | Reached skill level 8 in Axes
  2256 | D:4      | Found a shattered altar of Ashenzari.
  2427 | D:4      | Found a glowing drain.
  2438 | Sewer    | Entered a sewer
  2573 | Sewer    | Reached skill level 9 in Axes
  2628 | Sewer    | Noticed Grinder
  2662 | Sewer    | Reached XP level 7. HP: 53/56 MP: 7/7
  2672 | Sewer    | Killed Grinder
  2672 | Sewer    | Reached skill level 10 in Axes
  2673 | Sewer    | Found a burning altar of Makhleb.
  2684 | Sewer    | Became a worshipper of Makhleb the Destroyer
  2800 | Sewer    | Reached skill level 11 in Axes
  3413 | D:4      | Found a basalt altar of Yredelemnul.
  3501 | D:5      | Entered Level 5 of the Dungeon
  3754 | D:5      | Reached XP level 8. HP: 58/62 MP: 4/8
  3811 | D:5      | Reached skill level 12 in Axes
  3836 | D:5      | Found a staircase to the Ecumenical Temple.
  3875 | D:5      | Noticed a +0 dagger
  3876 | D:5      | Noticed a +0 hand axe
  3879 | D:5      | Found a hide-covered altar of Uskayaw.
  4060 | D:5      | Found a burning altar of Makhleb.
  4125 | D:5      | Noticed Eustachio
  4204 | D:5      | Killed Eustachio
  4409 | D:5      | Noticed Blork the orc
  4423 | D:5      | Killed Blork the orc
  4498 | D:5      | Reached skill level 13 in Axes
  4627 | D:6      | Reached * piety under Makhleb
  4703 | D:6      | Reached skill level 14 in Axes
  4703 | D:6      | Reached XP level 9. HP: 68/68 MP: 9/9
  5021 | D:6      | Reached skill level 15 in Axes
  5568 | D:6      | Reached ** piety under Makhleb
  6120 | D:7      | Reached skill level 16 in Axes
  6167 | D:7      | Reached *** piety under Makhleb
  6203 | D:7      | Reached skill level 1 in Invocations
  6219 | D:7      | Reached XP level 10. HP: 69/73 MP: 9/12
  6320 | D:7      | Noticed Menkaure
  6415 | D:7      | Killed Menkaure
  6479 | D:7      | Reached skill level 5 in Armour
  6511 | D:7      | Noticed a death knight
  6514 | D:7      | Noticed a phantasmal warrior
  6762 | D:8      | Found a snail-covered altar of Cheibriados.
  7364 | D:8      | Found a hazy altar of Hepliaklqana.
  7367 | D:8      | Found a glowing golden altar of the Shining One.
  7370 | D:8      | Found an opulent altar of Gozag.
  7781 | D:9      | Reached **** piety under Makhleb
  7914 | D:9      | Reached XP level 11. HP: 59/80 MP: 14/14
  8229 | D:9      | Found a staircase to the Orcish Mines.
  8457 | D:10     | Entered Level 10 of the Dungeon
  8599 | D:10     | Reached skill level 5 in Dodging
  8647 | D:10     | Identified Ustromimo's Collected Works on Helpful Creation
  8712 | D:10     | Killed an unseen horror
  8877 | D:10     | Found a staircase to the Lair.
  8905 | D:10     | Slain by a komodo dragon

Vault maps used:
D:1:      psy_arrival_spokes
D:3:      chequers_ecumenical_altar_simple_redux, first_ration,
          roderic_roman_lattice, corexii_hall_statues_deadend, fedhas_altar_3
D:4:      lemuel_zombie_altar_yredelemnul, gup_sewer_entry_bubbles,
          ashenzari_altar_1
D:5:      dancing_weapons_uskayaw, lemuel_coloured_pillars_altar, temple_green,
          uniq_eustachio, uniq_blork_the_orc
D:6:      lemuel_castle_with_subvaults
D:7:      serial_undead, serial_undead_f, serial_undead_a, serial_undead_f,
          serial_undead_d, grunt_livestock, uniq_menkaure
D:8:      grunt_temple_overflow_diamond, cheibriados_altar_1
D:9:      hiddenorc1_lemuel
D:10:     lair_entry_dummy
Sewer:    kennysheep_sewer_church

Skill      XL: |  1  2  3  4  5  6  7  8  9 10 11 |
---------------+----------------------------------+-----
Axes           | 5 7 9 11 14 16 | 16.4
Armour         | 2 9 |  9.4
Invocations    | 3 4 |  4.7
Dodging        | 3 6 |  6.2
Fighting       | |  2.4
Throwing       | |  1.7

Action                   |  1- 3 |  4- 6 |  7- 9 | 10-12 || total
-------------------------+-------+-------+-------+-------++-------
Melee: War axe           |   115 |   198 |   530 |   431 ||  1274
       Hand axe          |       |       |       |    67 ||    67
Throw: Throwing net      |       |       |     1 |     3 ||     4
       Tomahawk          |       |       |       |     2 ||     2
Invok: Lesser Servant of |       |       |       |     1 ||     1
  Use: Scroll            |       |     5 |     2 |     6 ||    13
       Potion            |       |       |       |     1 ||     1
 Stab: Held in net/web   |       |       |       |     3 ||     3
  Eat: Chunk             |     2 |     4 |     9 |    15 ||    30
       Ration            |       |       |     1 |       ||     1
Armor: Ring mail         |    40 |       |       |       ||    40
       Leather armour    |     2 |       |       |       ||     2
       Chain mail        |    26 |   192 |   155 |       ||   373
       Plate armour      |       |       |    98 |   298 ||   396
Dodge: Dodged            |    75 |   145 |   139 |   229 ||   588

Table legend:
 A = Non-vault XP
 B = Vault XP
 C = Vault XP percentage of total XP
 D = Non-vault monster count
 E = Vault monster count
 F = Vault count percentage of total count
                 A         B        C        D         E       F
            +---------+---------+-------+---------+---------+-------
      Total |    9704 |    3438 |  26.2 |     199 |     124 |  38.4
            +---------+---------+-------+---------+---------+-------
        D:1 |      30 |       0 |   0.0 |      13 |       0 |   0.0
        D:2 |      44 |       0 |   0.0 |      21 |       0 |   0.0
        D:3 |      88 |       0 |   0.0 |      25 |       0 |   0.0
        D:4 |     309 |      59 |  16.0 |      16 |       9 |  36.0
        D:5 |     679 |     271 |  28.5 |      17 |       2 |  10.5
        D:6 |    1119 |     700 |  38.5 |      26 |      52 |  66.7
        D:7 |     835 |    1557 |  65.1 |      16 |      12 |  42.9
        D:8 |     172 |       0 |   0.0 |       5 |       0 |   0.0
        D:9 |    3729 |     211 |   5.4 |      38 |      17 |  30.9
       D:10 |    2699 |       0 |   0.0 |      22 |       0 |   0.0
      Sewer |       0 |     640 | 100.0 |       0 |      32 | 100.0
            +---------+---------+-------+---------+---------+-------
